 Dungeon Crawl Stone Soup version 0.27.1-15-g792fb953b9 (webtiles) character file.

Game seed: 2133472151785329742

499 styxcanada the Covert (level 6, -7/32 HPs)
             Began as a Spriggan Brigand on Nov 19, 2021.
             Killed from afar by an orc (12 damage)
             ... with a puff of flame
             ... on level 4 of the Dungeon.
             The game lasted 00:17:26 (6529 turns).

styxcanada the Covert (Spriggan Brigand)            Turns: 6529, Time: 00:17:27

Health: -7/32      AC:  3    Str:  7    XL:     6   Next: 94%
Magic:  10/10      EV: 19    Int: 12    God:
Gold:   289        SH:  0    Dex: 19    Spells: 10/10 levels left

rFire    . . .     SeeInvis +   a - +2 dagger
rCold    . . .     Faith    .   (shield restricted)
rNeg     . . .     Spirit   .   b - +0 robe
rPois    .         Reflect  .   (helmet restricted)
rElec    .         Harm     .   c - +0 cloak
rCorr    .         Rampage  .   (gloves unavailable)
Will     +....                  (boots unavailable)
Stlth    ++++......             (no amulet)
HPRegen  0.10/turn              (no ring)
MPRegen  0.12/turn              (no ring)

@: very quick
A: very small, no large weapons, unfitting armour, see invisible, speed 3
a: no special abilities


You were on level 4 of the Dungeon.
You visited 1 branch of the dungeon, and saw 4 of its levels.

You collected 289 gold pieces.

Inventory:

Hand Weapons
 a - a +2 dagger (weapon)
Missiles
 d - 4 poisoned darts (quivered)
 e - 2 curare-tipped darts
 g - 81 stones
 k - a throwing net
 m - 9 sling bullets
Armour
 b - a +0 robe (worn)
 c - a +0 cloak (worn)
Wands
 i - a wand of digging (3)
Potions
 f - 2 potions of haste
 h - a potion of flight {unknown}
 j - a potion of might
 n - 2 potions of curing
 o - 2 potions of degeneration {unknown}
 p - a potion of brilliance {unknown}
 q - a potion of berserk rage {unknown}


   Skills:
 * Level 2.4 Fighting
 + Level 3.4 Short Blades
 + Level 3.1 Throwing
 * Level 4.1 Dodging
 * Level 9.0 Stealth
 * Level 2.5 Spellcasting
 * Level 0.9 Evocations


You had 10 spell levels left.
You didn't know any spells.
Your spell library contained the following spells:

 Spells                   Type           Power      Damage    Failure   Level
 Apportation              Tloc           2%         N/A       26%         1
 Alistair's Intoxication  Tmut/Pois      0%         N/A       100%        5
 Invisibility             Hex            0%         N/A       100%        6


Dungeon Overview and Level Annotations

Branches:
Dungeon (4/15)
 Temple: D:4-7

Altars:
Ru

Annotations:
D:4 Dowan


Innate Abilities, Weirdness & Mutations

You are very small and have problems with some larger weapons.
You are too small for most types of armour.
You have supernaturally acute eyesight. (SInv)
You cover ground extremely quickly. (Speed+++)


Message History

The orc is moderately wounded.
The orc zaps a wand.
The puff of flame misses you.
You hit the orc but do no damage.
The orc is moderately wounded.
The orc hits you but does no damage.
You hit the orc but do no damage.
The orc is moderately wounded.
You hit the orc.
The orc is heavily wounded.
The orc zaps a wand.
The puff of flame hits you! The orc blocks your attack.
The orc is heavily wounded.
The orc completely misses you.
You hit the orc but do no damage.
The orc is heavily wounded.
The orc misses you. The orc blocks your attack.
The orc is heavily wounded.
The orc misses you. The orc blocks your attack.
The orc is moderately wounded.
The orc barely misses you.
You hit the orc but do no damage.
The orc is moderately wounded.
The orc blocks your attack.
The orc is moderately wounded.
The orc misses you. The orc blocks your attack.
The orc is moderately wounded.
The orc zaps a wand.
The puff of flame misses you. The orc blocks your attack.
The orc is lightly wounded.
The orc barely misses you.
You hit the orc.
The orc is almost dead.
The orc zaps a wand.
The puff of flame hits you!
* * * LOW HITPOINT WARNING * * *
The orc zaps a wand.
The puff of flame misses you.
The orc zaps a wand.
The puff of flame hits you!
You die...

##..≈.#...#.≈.# #Z# #
#...≈.#._.#.≈.# #.# #
#...≈.#...#.≈.## #.#####
#...≈.#.###.§..# #...†..
##..≈....o..≈..# #####.#
#..≈≈≈.≈≈≈§≈.)# #.#
#.............#########.#
.......#####.#...........##†#
#####.## #@###########.##.#
#. #.# #.##.# #. #.# #.##.#
#. #.# #.##.# #.
###.###########.##.#
................##.#
##.#.#.##########.# #.#.#.#
#.# #.#.#.# #.#


You could see an orc.

Vanquished Creatures
  Duvessa (D:4)
  A scorpion (D:4)
  A howler monkey (D:4)
  A centaur skeleton (D:4)
  3 hounds (D:3)
  A bullfrog skeleton (D:4)
  An iguana (D:4)
  4 adders
  A gnoll (D:3)
  An adder skeleton (D:4)
  2 worms
  4 dart slugs
  3 orcs
  7 bats
  5 endoplasms
  2 giant cockroaches
  4 goblins
  3 hobgoblins
  4 quokkas
  2 ball pythons
  A frilled lizard (D:2)
  10 kobolds
  5 rats
67 creatures vanquished.

Notes
Turn   | Place    | Note
-------+----------+-------------------------------------------
     0 | D:1      | styxcanada the Spriggan Brigand began the quest for the
                  | Orb.
     0 | D:1      | Reached XP level 1. HP: 10/10 MP: 2/2
    41 | D:1      | Reached skill level 6 in Stealth
   569 | D:1      | Reached XP level 2. HP: 14/14 MP: 3/3
  1087 | D:1      | Reached skill level 7 in Stealth
  1518 | D:2      | Reached XP level 3. HP: 18/18 MP: 4/4
  2909 | D:2      | Reached XP level 4. HP: 19/23 MP: 6/6
  3543 | D:3      | Reached skill level 1 in Spellcasting
  4397 | D:3      | Reached skill level 8 in Stealth
  4397 | D:3      | Reached XP level 5. HP: 13/26 MP: 7/7
  4858 | D:4      | Reached XP level 6. HP: 11/30 MP: 9/9
  5533 | D:4      | Found a sacrificial altar of Ru.
  5940 | D:4      | Noticed Duvessa
  5941 | D:4      | Noticed Dowan
  6020 | D:4      | Killed Duvessa
  6021 | D:4      | Reached skill level 9 in Stealth
  6529 | D:4      | Killed from afar by an orc

Illustrated notes

Levels and vault maps discovered:
D:1:      lightli_arrival_farm, layout_basic
D:2:      layout_loops_corners, minivault_23, minmay_pentomino_u2
D:3:      layout_loops_ring, cheibrodos_gnoll_hut
D:4:      layout_loops_ring, mainiacjoe_overflow_brackets, uniq_duvessa

Skill      XL: |  1  2  3  4  5  6 |
---------------+-------------------+-----
Stealth        | 6 7 8 9 |  9.0
Dodging        | 2 3 4 |  4.1
Spellcasting   | 1 2 |  2.5
Fighting       | 2 |  2.4
Short Blades   | 3 |  3.4
Throwing       | 3 |  3.1
Evocations     | |  0.9

Action                   |  1- 3 |  4- 6 || total
-------------------------+-------+-------++-------
Melee: Dagger            |   113 |   141 ||   254
Throw: Dart              |    11 |    67 ||    78
       Stone             |       |     3 ||     3
  Use: Scroll            |       |     5 ||     5
 Stab: Sleeping          |    14 |     4 ||    18
Armor: Robe              |     8 |    19 ||    27
Dodge: Dodged            |    79 |   120 ||   199
